 Dungeon Crawl Stone Soup version 0.31-a0-178-g96ec847f19 (webtiles) character file.

Game seed: 8919185411153761708

2 qw the Shooter (level 1, 0/19 HPs)
             Began as a Naga Hunter on June 18, 2023.
             Slain by a kobold
             ... wielding a +2 dagger of electrocution
              (2 damage)
             ... on level 1 of the Dungeon.
             The game lasted 00:00:00 (15 turns).

qw the Shooter (Naga Hunter)                          Turns: 15, Time: 00:00:01

Health: 0/19       AC:  1    Str: 13    XL:     1   Next: 40%
Magic:  1/1        EV:  9    Int:  9    God:
Gold:   0          SH:  0    Dex: 14    Spells: 0/0 levels left

rFire   . . .        a - +0 shortbow
rCold   . . .        (shield currently unavailable)
rNeg    . . .        c - +0 leather armour
rPois   +            (no helmet)
rElec   .            (no cloak)
rCorr   .            (no gloves)
SInv    +            (no barding)
Will    .....        (no amulet)
Stlth   ++           (no ring)
HPRegen 0.23/turn    (no ring)
MPRegen 0.07/turn

%: no passive effects
@: short of breath, very slow
A: AC +0, large, see invisible, deformed body, poison resistance, slowness 2,
spit poison 1, naga tail 1
a: Spit Poison


You were on level 1 of the Dungeon.
You visited 1 branch of the dungeon, and saw 1 of its levels.


Innate Abilities, Weirdness & Mutations

Your serpentine skin is tough. (AC +0)
You have supernaturally acute eyesight. (SInv)
Armour fits poorly on your strangely shaped body.
Your system is resistant to poisons. (rPois)
You cover ground very slowly.
You can spit poison.
You have a snake-like lower body.


   Skills:
 - Level 2.0 Fighting
 + Level 3.7 Ranged Weapons
 - Level 1.5 Dodging
 - Level 1.5 Stealth


You couldn't memorise any spells.
You didn't know any spells.
Your spell library was empty.

Inventory:

Hand Weapons
 a - a +0 shortbow (weapon)
Armour
 c - a +0 leather armour (worn)
Scrolls
 b - a scroll of butterflies

Dungeon Overview and Level Annotations

Branches:
Dungeon (1/15)

Altars:


Message History

Options error: Missing colour in message_colour setting: 'then' x2
Waypoint 0 assigned to D:1.
0 ||| PLANNING D:1-11 You open the door.
A kobold and a bat come into view.
The kobold is wielding a +2 dagger of electrocution.
8 ||| INVOKING Spit Poison.
Aiming: Spit Poison (3% risk of failure)
Press: ? - help, Shift-Dir - straight line, f - bat The splash of poison hits the bat.
You kill the bat!
You shoot an arrow. The kobold shouts!
The arrow hits the kobold but does no damage.
You shoot an arrow.
The arrow hits the kobold but does no damage.
You shoot an arrow. The arrow barely misses the kobold.
The kobold hits you with a +2 dagger of electrocution.
An endoplasm comes into view.
The kobold hits you with a +2 dagger of electrocution.
You shoot an arrow.
The arrow hits the kobold but does no damage.
The kobold closely misses you.
You shoot an arrow. The arrow closely misses the kobold.
The arrow hits the endoplasm.
The endoplasm is almost dead.
You have got your breath back.
The kobold hits you with a +2 dagger of electrocution.
14 ||| INVOKING Spit Poison.
Aiming: Spit Poison (3% risk of failure)
Press: ? - help, Shift-Dir - straight line, f/p - kobold The splash of poison misses the kobold.
The splash of poison hits the endoplasm.
You kill the endoplasm!
The kobold hits you with a +2 dagger of electrocution.
You are electrocuted!
You shoot an arrow. The arrow hits the kobold.
The kobold is heavily wounded.
The kobold hits you with a +2 dagger of electrocution.
You die...

...... .....###
....... .....
.... ..# ###K###
#8.@.8# ##.#.##
#8.#.8# ##.#.##
##8...8##
8#8#8#...#8#8#8#
................
###...<...#####
...............


You could see a kobold.

Vanquished Creatures
  A bat (D:1)
  An endoplasm (D:1)
2 creatures vanquished.

Notes
Turn   | Place    | Note
-------+----------+-------------------------------------------
     0 | D:1      | qw the Naga Hunter began the quest for the Orb.
     0 | D:1      | Reached XP level 1. HP: 19/19 MP: 1/1
     0 | D:1      | 0 ||| qw: Version: 0.3-a-7-ge0c9b40
     0 | D:1      | 0 ||| qw: Game counter: 870
     0 | D:1      | 0 ||| qw: Always use a shield: true
     0 | D:1      | 0 ||| qw: God list: Okawaru
     0 | D:1      | 0 ||| qw: Allow faded altars: false
     0 | D:1      | 0 ||| qw: Do Orc after D:15 true
     0 | D:1      | 0 ||| qw: Do second Lair branch before Depths: true
     0 | D:1      | 0 ||| qw: Lair rune preference: random
     0 | D:1      | 0 ||| qw: Plans: Normal
     0 | D:1      | 0 ||| PLANNING D:1-11
     8 | D:1      | 8 ||| INVOKING Spit Poison.
    14 | D:1      | 14 ||| INVOKING Spit Poison.
    14 | D:1      | HP: 2/19 [kobold/+2 dagger of electrocution (8)]
    15 | D:1      | Slain by a kobold

Levels and vault maps discovered:
D:1:      heliophobic_arrival_ceremonial_halls, layout_basic

Action                     || total
---------------------------++-------
   Fire: Shortbow          ||     6
Ability: Spit Poison       ||     2
  Dodge: Dodged            ||     1

Table legend:
 A = Non-vault XP
 B = Vault XP
 C = Vault XP percentage of total XP
 D = Non-vault monster count
 E = Vault monster count
 F = Vault count percentage of total count
                 A         B        C        D         E       F
            +---------+---------+-------+---------+---------+-------
      Total |       4 |       0 |   0.0 |       2 |       0 |   0.0
            +---------+---------+-------+---------+---------+-------
        D:1 |       4 |       0 |   0.0 |       2 |       0 |   0.0
            +---------+---------+-------+---------+---------+-------
